[Event "Titled Tuesday Blitz October 5 2021"]
[White "Guzman Moneo, Alberto"]
[Black "Aloma Vidal, Robert"]
[WhiteFideId "2209616"]
[BlackFideId "2260409"]
[WhiteElo "2157"]
[BlackElo "2435"]
[Result "0-1"]
[Round "10"]
[TimeControl "180+1"]
[Date "2021.10.05"]
[WhiteClock "0:00:05"]
[BlackClock "0:00:16"]

1. d4 d5 2. Nf3 Nf6 3. Bf4 g6 4. e3 Bg7 5. Be2 O-O 6. Ne5 c5 7. c3 Nc6 8. h4 h5 9. Nd2 Nd7 10. Nxc6 bxc6 11. g4 hxg4 12. Bxg4 e5 13. dxe5 Nxe5 14. Bxe5 Bxe5 15. h5 f5 16. Be2 g5 17. h6 f4 18. Nf3 Qf6 19. exf4 Bxf4 20. Qa4 g4 21. Nd2 Re8 22. h7+ Kh8 23. Rg1 c4 24. Kd1 Bd7 25. Nf1 Bh6 26. Rg2 Rxe2 27. Kxe2 Qf3+ 28. Ke1 Re8+ 29. Ne3 Qxg2 30. Qxa7 Bxe3 31. fxe3 Bf5 32. Qd4+ Kxh7 33. Rd1 Bd3 34. Qf4 Qe2# 0-1


[Site "https://www.chess.com"]

[Event "Titled Tuesday Blitz October 5 2021"]
[White "Harshavardhan G B"]
[Black "Salimova, Nurgyul"]
[WhiteFideId "25059009"]
[BlackFideId "2915138"]
[WhiteElo "1825"]
[BlackElo "2071"]
[Result "0-1"]
[Round "10"]
[TimeControl "180+1"]
[Date "2021.10.05"]
[WhiteClock "0:00:01"]
[BlackClock "0:00:31"]

1. Nf3 Nf6 2. g3 g6 3. Bg2 Bg7 4. O-O O-O 5. d3 d5 6. Nbd2 c5 7. e4 dxe4 8. dxe4 Nc6 9. c3 b5 10. Qe2 c4 11. a4 Ba6 12. b4 bxa4 13. Rxa4 Bb5 14. Ra3 a5 15. bxa5 Rxa5 16. Nxc4 Rxa3 17. Bxa3 Qa8 18. Rb1 Qa6 19. Bf1 Rc8 20. e5 Bxc4 21. Qxc4 Qxa3 22. exf6 Bxf6 23. Rb3 Qc1 24. Kg2 Kg7 25. Qc5 Qd1 26. Qb6 Rb8 27. Qxc6 Rxb3 28. c4 Rb1 29. Bd3 Qxd3 30. g4 g5 31. h4 h6 32. hxg5 hxg5 33. c5 Qf1+ 34. Kg3 Rb2 0-1


[Site "https://www.chess.com"]

[Event "Titled Tuesday Blitz October 5 2021"]
[White "Hryshchenko, Kamila"]
[Black "Bach, Ngoc Thuy Duong"]
[WhiteFideId "14147491"]
[BlackFideId "12408956"]
[WhiteElo "1929"]
[BlackElo "1896"]
[Result "1-0"]
[Round "10"]
[TimeControl "180+1"]
[Date "2021.10.05"]
[WhiteClock "0:00:13"]
[BlackClock "0:00:02"]

1. e4 c5 2. Nf3 d6 3. d4 cxd4 4. Nxd4 Nf6 5. Bd3 a6 6. c4 e6 7. Nc3 Be7 8. O-O O-O 9. Be3 Qc7 10. f4 Nbd7 11. Qf3 Re8 12. Rac1 b6 13. b4 Bb7 14. g4 Nf8 15. g5 N6d7 16. Qg3 Qb8 17. h4 d5 18. cxd5 Bxb4 19. Nce2 Bc5 20. h5 Qd6 21. g6 fxg6 22. hxg6 h6 23. dxe6 Nxe6 24. Bc4 Nf8 25. e5 Qd7 26. f5 b5 27. fxe6 Qe7 28. Rf7 bxc4 29. Rxe7 Rxe7 30. Rxc4 Bb6 31. Nf5 Rxe6 32. Bxb6 Rxb6 33. Nxh6+ gxh6 34. Nf4 Be4 35. Rxe4 Kg7 36. Qg4 Nxg6 37. e6 1-0


[Site "https://www.chess.com"]

[Event "Titled Tuesday Blitz October 5 2021"]
[White "Isajevsky, Anton"]
[Black "Vifleemskaia, Svetlana"]
[WhiteFideId "4142500"]
[BlackFideId "4129490"]
[WhiteElo "2510"]
[BlackElo "1945"]
[Result "1-0"]
[Round "10"]
[TimeControl "180+1"]
[Date "2021.10.05"]
[WhiteClock "0:00:30"]
[BlackClock "0:01:23"]

1. c4 c5 2. Nc3 Nf6 3. Nf3 d5 4. cxd5 Nxd5 5. g3 Nc6 6. Bg2 Nc7 7. Qa4 Bd7 8. Qe4 e6 9. O-O Be7 10. d4 O-O 11. dxc5 Bxc5 12. Rd1 Qe7 13. Bf4 Rac8 14. Rac1 f5 15. Qc4 h6 16. Rxd7 Bxf2+ 17. Kxf2 Qxd7 18. Rd1 Qf7 19. Qb3 b6 20. Rd6 Na5 21. Qd1 Nc4 22. Rd7 Qf6 23. Rxc7 Rxc7 24. Bxc7 Nxb2 25. Qd4 Qxd4+ 26. Nxd4 Rc8 27. Nxe6 Kf7 28. Bd5 Kf6 29. e4 Nd3+ 30. Ke3 fxe4 31. Nxe4+ 1-0


[Site "https://www.chess.com"]

[Event "Titled Tuesday Blitz October 5 2021"]
[White "Iskusnyh, Sergei"]
[Black "Pichot, Alan"]
[WhiteFideId "4120027"]
[BlackFideId "110973"]
[WhiteElo "2492"]
[BlackElo "2600"]
[Result "0-1"]
[Round "10"]
[TimeControl "180+1"]
[Date "2021.10.05"]
[WhiteClock "0:00:13"]
[BlackClock "0:00:57"]

1. d4 Nf6 2. c4 e6 3. g3 d5 4. Bg2 Bb4+ 5. Nd2 O-O 6. Nf3 b6 7. O-O Bb7 8. b3 a5 9. Bb2 Re8 10. Qc2 Bf8 11. Rac1 Na6 12. Qb1 a4 13. cxd5 a3 14. Ba1 exd5 15. Ne5 Nb4 16. Rfd1 g6 17. e3 Rc8 18. Bh3 Rb8 19. Bf1 Bd6 20. Nd3 Qd7 21. Nxb4 Bxb4 22. Nf3 Ne4 23. Qc2 Bd6 24. Ne5 Qe7 25. Bg2 Rbc8 26. Bxe4 dxe4 27. Nc6 Qg5 28. d5 f6 29. Qc3 Kf7 30. Qc4 h5 31. Na7 h4 32. Nxc8 Bxc8 33. Qe2 Bg4 34. Qf1 hxg3 35. fxg3 Qxe3+ 36. Qf2 Qxf2+ 37. Kxf2 e3+ 38. Ke1 Rh8 39. Rc2 Bxg3+ 0-1


[Site "https://www.chess.com"]

[Event "Titled Tuesday Blitz October 5 2021"]
[White "Ivanisevic, Ivan"]
[Black "Vlachos, Anatole"]
[WhiteFideId "912417"]
[BlackFideId "26093189"]
[WhiteElo "2499"]
[BlackElo "2350"]
[Result "1-0"]
[Round "10"]
[TimeControl "180+1"]
[Date "2021.10.05"]
[WhiteClock "0:01:13"]
[BlackClock "0:01:15"]

1. c4 d6 2. Nc3 e5 3. g3 f5 4. Bg2 Nf6 5. d3 Be7 6. e4 O-O 7. Nge2 Be6 8. O-O fxe4 9. Nxe4 Nxe4 10. Bxe4 c6 11. Nc3 d5 12. cxd5 cxd5 13. Qb3 dxe4 14. Qxe6+ Kh8 15. dxe4 Nc6 16. Be3 Nd4 17. Bxd4 exd4 18. Nd5 Bc5 19. b4 Bd6 20. Rad1 a5 21. a3 axb4 22. axb4 Re8 23. Qg4 Be5 24. Rfe1 g6 25. h4 Bg7 26. h5 gxh5 27. Qxh5 Ra2 28. Rd3 Rf8 29. Rf3 Rxf3 30. Qxf3 Rd2 31. e5 d3 32. e6 Re2 33. Rxe2 dxe2 34. Qxe2 1-0


[Site "https://www.chess.com"]

[Event "Titled Tuesday Blitz October 5 2021"]
[White "Jarocka, Liwia"]
[Black "Baches Garcia, Guillermo"]
[WhiteFideId "21807558"]
[BlackFideId "2209764"]
[WhiteElo "1851"]
[BlackElo "2490"]
[Result "0-1"]
[Round "10"]
[TimeControl "180+1"]
[Date "2021.10.05"]
[WhiteClock "0:00:10"]
[BlackClock "0:00:14"]

1. d4 Nf6 2. Nf3 e6 3. g3 d5 4. Bg2 Be7 5. O-O O-O 6. c4 dxc4 7. Nbd2 b5 8. Ne5 Nd5 9. b3 c3 10. Ne4 Bb7 11. a3 Nd7 12. Nxd7 Qxd7 13. Qc2 Qc6 14. Bf3 a5 15. Bf4 b4 16. e3 Qb6 17. h4 Rac8 18. Kg2 c5 19. dxc5 Bxc5 20. h5 f5 21. Ng5 h6 22. Nh3 Nxf4+ 23. gxf4 Bxf3+ 24. Kxf3 Rcd8 25. Rad1 Qc6+ 26. Kg3 Qe4 27. Qe2 bxa3 28. Rde1 Rd2 29. Qb5 Bb4 30. f3 Qc2 31. Rg1 Qxb3 32. Kh4 Qd5 33. Qa6 Be7+ 34. Ng5 hxg5+ 35. fxg5 a2 36. Qa7 Qd7 0-1


[Site "https://www.chess.com"]

[Event "Titled Tuesday Blitz October 5 2021"]
[White "Jary, Sergey"]
[Black "Langrock, Hannes"]
[WhiteFideId "14110350"]
[BlackFideId "4655290"]
[WhiteElo "2260"]
[BlackElo "2325"]
[Result "1-0"]
[Round "10"]
[TimeControl "180+1"]
[Date "2021.10.05"]
[WhiteClock "0:01:13"]
[BlackClock "0:00:24"]

1. e4 c5 2. Nf3 e6 3. c4 Nc6 4. Nc3 Nd4 5. Nxd4 cxd4 6. Nb5 e5 7. d3 a6 8. Na3 Ne7 9. Be2 Nc6 10. O-O Bxa3 11. bxa3 d6 12. Rb1 O-O 13. f4 f6 14. Bg4 Rb8 15. a4 Bxg4 16. Qxg4 Qc8 17. Qxc8 Rfxc8 18. Ba3 Rd8 19. Rb6 exf4 20. Rxf4 Kf7 21. Rf1 Ke6 22. Rfb1 Ne5 23. R1b3 Rd7 24. Kf1 Rc8 25. Ke2 Rc6 26. Rxb7 g5 27. R7b6 h5 28. Rxc6 Nxc6 29. Rb6 Ne5 30. a5 h4 31. h3 g4 32. hxg4 Nxg4 33. Rxa6 Rb7 34. Rxd6+ Ke5 35. Rb6 Rg7 36. a6 Ne3 37. Bd6+ Ke6 38. Bf8+ 1-0


[Site "https://www.chess.com"]

[Event "Titled Tuesday Blitz October 5 2021"]
[White "Kadam, Om Manish"]
[Black "Al-Tarboush, Ward"]
[WhiteFideId "45076294"]
[BlackFideId "7601450"]
[WhiteElo "1729"]
[BlackElo "2296"]
[Result "0-1"]
[Round "10"]
[TimeControl "180+1"]
[Date "2021.10.05"]
[WhiteClock "0:02:13"]
[BlackClock "0:02:21"]

1. e4 e6 2. d4 d5 3. Nd2 c5 4. exd5 Qxd5 5. Ngf3 cxd4 6. Bc4 Qd6 7. O-O Nf6 8. Nb3 Nc6 9. Qe2 Be7 10. Rd1 e5 11. h3 O-O 12. c3 Be6 13. Bxe6 Qxe6 14. cxd4 e4 15. Ng5 Qd5 16. Re1 Bb4 17. Bd2 Bxd2 18. Qxd2 h6 19. Rac1 hxg5 20. Rc5 Qd6 21. Rxg5 Rad8 22. Re3 g6 23. Reg3 Nxd4 24. Rxg6+ fxg6 25. Rxg6+ Kf7 26. Qh6 Ne2+ 27. Kh1 Qd1+ 0-1


[Site "https://www.chess.com"]

[Event "Titled Tuesday Blitz October 5 2021"]
[White "Kanyamarala, Tarun"]
[Black "Do Nascimento,Christian Almeida"]
[WhiteFideId "45004714"]
[BlackFideId "2143801"]
[WhiteElo "2077"]
[BlackElo "2108"]
[Result "1-0"]
[Round "10"]
[TimeControl "180+1"]
[Date "2021.10.05"]
[WhiteClock "0:00:13"]
[BlackClock "0:00:03"]

1. d4 c5 2. d5 Nf6 3. Nc3 d6 4. e4 g6 5. Bb5+ Nbd7 6. a4 Bg7 7. Nf3 O-O 8. O-O a6 9. Bd3 Ng4 10. Nd2 Nde5 11. Be2 Nf6 12. f4 Neg4 13. Nc4 Rb8 14. a5 e6 15. dxe6 Bxe6 16. Nxd6 Qc7 17. e5 Rbd8 18. h3 Nh6 19. g4 Ne8 20. Nce4 f5 21. Ng5 Bf7 22. Ngxf7 Nxf7 23. Nxe8 Rfxe8 24. Qe1 fxg4 25. hxg4 g5 26. Bc4 Kh8 27. Qe4 gxf4 28. Bxf4 Rd4 29. Qe2 Nxe5 30. Rae1 Qd7 31. b3 h5 32. gxh5 Qh3 33. Qg2 Qxh5 34. Bg3 Rg4 35. Re4 Qg6 36. Qh3+ Bh6 37. Rxg4 Nxg4 38. Bf7 1-0


[Site "https://www.chess.com"]

[Event "Titled Tuesday Blitz October 5 2021"]
[White "Karolczuk, Iwo"]
[Black "Berezin, Viktor"]
[WhiteFideId "21816972"]
[BlackFideId "14107872"]
[WhiteElo "2093"]
[BlackElo "2310"]
[Result "1-0"]
[Round "10"]
[TimeControl "180+1"]
[Date "2021.10.05"]
[WhiteClock "0:00:30"]
[BlackClock "0:00:07"]

1. d4 Nf6 2. Nf3 g6 3. c3 Bg7 4. Bf4 O-O 5. e3 d6 6. h3 Nbd7 7. Be2 b6 8. a4 a5 9. O-O Bb7 10. Nbd2 e6 11. Bh2 Qe7 12. Re1 e5 13. Nc4 e4 14. Nfd2 d5 15. Ne5 Ne8 16. Nxd7 Qxd7 17. c4 c5 18. dxc5 bxc5 19. cxd5 Bxd5 20. Nc4 Qb7 21. Rb1 Rd8 22. Qc2 Nf6 23. Nxa5 Qa7 24. Nc4 Nd7 25. Red1 Nb6 26. b3 Nxc4 27. Bxc4 Bc6 28. Bd6 Rfe8 29. Bxc5 Qc7 30. b4 Bd7 31. Qb3 Bf5 32. a5 Rc8 33. Bb5 Red8 34. Rxd8+ Qxd8 35. Rd1 Qg5 36. Bd7 Rb8 37. Bxf5 Qxf5 38. a6 Qxc5 39. bxc5 Rxb3 40. a7 Ra3 41. Rd8+ Bf8 42. a8=Q Rxa8 43. Rxa8 Kg7 44. c6 Bd6 45. Rd8 Kf6 46. Rd7 Be5 47. c7 Bxc7 48. Rxc7 1-0


[Site "https://www.chess.com"]

[Event "Titled Tuesday Blitz October 5 2021"]
[White "Kaufman, Raymond"]
[Black "Martinez Reyes, Pedro Ramon"]
[WhiteFideId "2015056"]
[BlackFideId "3901807"]
[WhiteElo "2321"]
[BlackElo "2410"]
[Result "1/2-1/2"]
[Round "10"]
[TimeControl "180+1"]
[Date "2021.10.05"]
[WhiteClock "0:00:06"]
[BlackClock "0:01:15"]

1. e4 e6 2. d4 d5 3. e5 c5 4. c3 Qb6 5. Nf3 Bd7 6. Bd3 Bb5 7. c4 Bxc4 8. Bxc4 dxc4 9. d5 exd5 10. Qxd5 Ne7 11. Qe4 Nbc6 12. Na3 Qb4+ 13. Nd2 c3 14. bxc3 Qxc3 15. Rb1 O-O-O 16. O-O Rxd2 17. Bxd2 Qxd2 18. Nc4 Qd5 19. Nd6+ Kd8 20. Qxd5 Nxd5 21. Nxf7+ Ke8 22. Nxh8 b6 23. e6 Nd4 24. Rfe1 Be7 25. Nf7 Nc3 26. Rb2 Bf6 27. Ne5 Bxe5 28. Rxe5 Ke7 29. f4 g6 30. Kf2 Ncb5 31. a4 Nd6 32. a5 Nc4 33. axb6 axb6 34. Ra2 Nxe5 35. fxe5 b5 36. Ra7+ Kxe6 37. Rxh7 b4 38. Rb7 Kxe5 39. Ke3 Kd5 40. g4 b3 41. h4 Kc4 42. h5 gxh5 43. gxh5 Kc3 44. h6 Nf5+ 45. Kf4 Nxh6 46. Rh7 b2 47. Rb7 Kc4 48. Rxb2 Nf7 49. Rb6 Nd8 50. Ke5 Kc3 51. Kf6 c4 52. Ke7 Kd2 53. Kxd8 c3 54. Kd7 c2 55. Rb2 Kd1 56. Rxc2 Kxc2 1/2-1/2


[Site "https://www.chess.com"]

[Event "Titled Tuesday Blitz October 5 2021"]
[White "King, Alexander"]
[Black "Sinitsina, Anastassia"]
[WhiteFideId "2063620"]
[BlackFideId "4504640"]
[WhiteElo "2306"]
[BlackElo "2161"]
[Result "1-0"]
[Round "10"]
[TimeControl "180+1"]
[Date "2021.10.05"]
[WhiteClock "0:00:18"]
[BlackClock "0:00:19"]

1. d4 Nf6 2. c4 g6 3. Nc3 Bg7 4. e3 d6 5. e4 O-O 6. Nge2 Na6 7. Ng3 e5 8. dxe5 dxe5 9. Qxd8 Rxd8 10. Bg5 c6 11. Rd1 Be6 12. f3 h6 13. Be3 Nb4 14. Rd2 Rxd2 15. Kxd2 Rd8+ 16. Kc1 b6 17. Be2 Nd3+ 18. Kc2 Bxc4 19. a3 Nxb2 20. Kxb2 Bxe2 21. Ngxe2 Bf8 22. Rd1 Rxd1 23. Nxd1 h5 24. a4 Bd6 25. Kc2 Kf8 26. Nb2 Nd7 27. Nc4 Bc7 28. Nc3 Ke7 29. h4 Ke6 30. Nb2 a6 31. Nd3 Bd6 32. Na2 c5 33. Nc3 Bc7 34. Nb2 Kd6 35. Bg5 Kc6 36. Nd5 Bd6 37. Nc4 b5 38. Na5# 1-0


[Site "https://www.chess.com"]

[Event "Titled Tuesday Blitz October 5 2021"]
[White "Kovalchuk94"]
[Black "Andreikin, Dmitry"]
[BlackFideId "4158814"]
[WhiteElo "2682"]
[BlackElo "2736"]
[Result "1-0"]
[Round "10"]
[TimeControl "180+1"]
[Date "2021.10.05"]
[WhiteClock "0:00:53"]
[BlackClock "0:01:48"]

1. d4 Nf6 2. c4 g6 3. Nc3 Bg7 4. e4 O-O 5. Nf3 d6 6. Be2 e5 7. O-O Nc6 8. d5 Ne7 9. b4 Nh5 10. Re1 Nf4 11. Bf1 h6 12. a4 f5 13. a5 g5 14. Ra3 Neg6 15. Nd2 g4 16. exf5 Bxf5 17. Nde4 Nh4 18. c5 Kh8 19. a6 b6 20. cxd6 cxd6 21. Nb5 Bxe4 22. Rxe4 Qf6 23. Bxf4 exf4 24. Qxg4 Rae8 25. Re6 Rxe6 26. dxe6 Ng6 27. Nxa7 Qb2 28. Qxg6 f3 29. e7 Qxf2+ 30. Kxf2 Bd4+ 31. Kg3 1-0


[Site "https://www.chess.com"]

[Event "Titled Tuesday Blitz October 5 2021"]
[White "Leitao, Rafael"]
[Black "Aggelis, Nikolaos"]
[WhiteFideId "2101246"]
[BlackFideId "4213220"]
[WhiteElo "2609"]
[BlackElo "2154"]
[Result "0-1"]
[Round "10"]
[TimeControl "180+1"]
[Date "2021.10.05"]
[WhiteClock "0:00:20"]
[BlackClock "0:01:17"]

1. c4 Nf6 2. Nc3 d5 3. cxd5 Nxd5 4. e4 Nxc3 5. bxc3 g6 6. Nf3 Bg7 7. h4 O-O 8. h5 c5 9. hxg6 hxg6 10. Bc4 Nc6 11. Ng5 Ne5 12. Be2 c4 13. Ba3 Nd3+ 14. Kf1 Qa5 15. Bxd3 cxd3 16. Qf3 Qxg5 17. Qxd3 Be6 18. Qe2 Rfd8 19. d4 Rac8 20. Qb2 Bc4+ 21. Kg1 b5 22. Re1 a5 23. Re3 b4 24. cxb4 Bxd4 25. Rg3 Qxg3 26. Qxd4 Rxd4 0-1


[Site "https://www.chess.com"]

[Event "Titled Tuesday Blitz October 5 2021"]
[White "Lewtak, Damian"]
[Black "Ertan, Can"]
[WhiteFideId "1141724"]
[BlackFideId "6306330"]
[WhiteElo "2203"]
[BlackElo "2223"]
[Result "0-1"]
[Round "10"]
[TimeControl "180+1"]
[Date "2021.10.05"]
[WhiteClock "0:00:12"]
[BlackClock "0:00:48"]

1. d4 Nf6 2. c3 e6 3. Bf4 b6 4. e3 Bb7 5. h3 c5 6. Nd2 d5 7. Ngf3 Bd6 8. Bb5+ Bc6 9. Qa4 Qd7 10. Bxc6 Nxc6 11. Bxd6 Qxd6 12. Ne5 Rc8 13. Ndf3 O-O 14. O-O Nxe5 15. Nxe5 Qc7 16. f3 Rfd8 17. Rfd1 Nd7 18. Nd3 e5 19. dxe5 Nxe5 20. Nxe5 Qxe5 21. Kf2 Rd6 22. Qxa7 Rg6 23. f4 Qe4 24. g4 d4 25. Qd7 Qxe3+ 26. Kg2 Qe2+ 27. Kg1 Qe3+ 28. Kg2 Qe4+ 29. Kg1 Rf8 30. Re1 Qxf4 31. Re8 Re6 32. Rxe6 Qg3+ 33. Kh1 Qxh3+ 34. Kg1 Qxg4+ 0-1


[Site "https://www.chess.com"]

[Event "Titled Tuesday Blitz October 5 2021"]
[White "Maksimenko, Viktor"]
[Black "Harris, Ian"]
[WhiteFideId "13710478"]
[BlackFideId "2020092"]
[WhiteElo "2269"]
[BlackElo "2356"]
[Result "1-0"]
[Round "10"]
[TimeControl "180+1"]
[Date "2021.10.05"]
[WhiteClock "0:00:16"]
[BlackClock "0:00:01"]

1. d4 d5 2. c4 c6 3. Nc3 e6 4. e3 f5 5. g3 Nf6 6. Bg2 dxc4 7. a4 Nd5 8. Qe2 Nb4 9. Nf3 Nd3+ 10. Kd1 c5 11. Kc2 Na6 12. Rd1 Nab4+ 13. Kb1 cxd4 14. exd4 Be7 15. d5 exd5 16. Nd4 O-O 17. Ne6 Bxe6 18. Qxe6+ Kh8 19. Nxd5 Nxd5 20. Bxd5 Nxc1 21. Rxc1 Rf6 22. Qe5 Rd6 23. Bxc4 Bf6 24. Qxf5 Rd2 25. Ra2 Qd4 26. Qb5 Rxf2 27. Bd3 Rd2 28. Bc2 Rc8 29. b3 b6 30. Qf5 Rcxc2 31. Rcxc2 Rd1+ 32. Rc1 Rxc1+ 33. Kxc1 Qe3+ 34. Kc2 Qe2+ 35. Kc1 1-0


[Site "https://www.chess.com"]

[Event "Titled Tuesday Blitz October 5 2021"]
[White "Maksimovic, Bojan"]
[Black "Bortnyk, Olexandr"]
[WhiteFideId "14408120"]
[BlackFideId "14120828"]
[WhiteElo "2439"]
[BlackElo "2723"]
[Result "0-1"]
[Round "10"]
[TimeControl "180+1"]
[Date "2021.10.05"]
[WhiteClock "0:00:01"]
[BlackClock "0:00:10"]

1. e4 Nf6 2. e5 Nd5 3. Qf3 e6 4. Nc3 Nb6 5. Qg3 Nc6 6. Nf3 d6 7. Bb5 Bd7 8. O-O a6 9. Bxc6 Bxc6 10. d4 Bxf3 11. Qxf3 d5 12. Qg3 Qd7 13. a4 a5 14. b3 O-O-O 15. Nb5 c6 16. Nd6+ Bxd6 17. exd6 Qxd6 18. Bf4 Qe7 19. Qxg7 Nd7 20. Bg5 Rhg8 21. Qxg8 f6 22. Bxf6 Nxf6 23. Qg3 Rg8 24. Qh3 Ne4 25. Rae1 Qf6 26. c3 Ng5 27. Qe3 Nf3+ 28. Kh1 Nxe1 29. Rxe1 Rg6 30. g3 Qf5 31. Kg2 Rf6 32. Re2 h5 33. h4 Qg4 34. f3 Qf5 35. Rf2 Rf8 36. Qe5 Qf7 37. Kh2 Qg6 38. Qg5 Qd3 39. Qe7 Qf5 40. Re2 Qxf3 41. Qxe6+ Kb8 42. Qe3 Qf1 43. Qe5+ Ka7 44. Qe3 Rf3 45. Qd2 Ka6 46. c4 Rxb3 47. cxd5 Rb1 48. Qd3+ Ka7 49. Qxb1 Qxb1 50. d6 Qd3 51. Re7 Qd2+ 52. Kh3 Qd1 53. d7 Qh1# 0-1


[Site "https://www.chess.com"]

[Event "Titled Tuesday Blitz October 5 2021"]
[White "Maly, Alexey"]
[Black "Piesik, Piotr"]
[WhiteFideId "14103184"]
[BlackFideId "1136194"]
[WhiteElo "2294"]
[BlackElo "2336"]
[Result "1-0"]
[Round "10"]
[TimeControl "180+1"]
[Date "2021.10.05"]
[WhiteClock "0:00:14"]
[BlackClock "0:01:21"]

1. d4 c5 2. d5 e5 3. c4 d6 4. Nc3 Be7 5. g3 Bg5 6. Bg2 Bxc1 7. Rxc1 Ne7 8. e4 O-O 9. Nge2 Nd7 10. O-O f5 11. f4 exf4 12. Nxf4 Ne5 13. b3 N7g6 14. Ne6 Bxe6 15. dxe6 f4 16. Nd5 fxg3 17. Rxf8+ Qxf8 18. hxg3 Re8 19. Nc7 Rc8 20. Qd5 Qe7 21. Nb5 Rd8 22. Rd1 Nf8 23. Bh3 a6 24. Nxd6 Nf3+ 25. Kg2 Nd4 26. Nf5 Qc7 27. e7+ Rxd5 28. e8=Q Rd8 29. Ne7+ Kh8 30. Qf7 Nd7 31. Bxd7 Qxd7 32. Ng6+ 1-0


[Site "https://www.chess.com"]

[Event "Titled Tuesday Blitz October 5 2021"]
[White "Martin Carmona, Gaston Manuel"]
[Black "Tologon tegin, Semetei"]
[WhiteFideId "22284567"]
[BlackFideId "13800574"]
[WhiteElo "2161"]
[BlackElo "2224"]
[Result "1-0"]
[Round "10"]
[TimeControl "180+1"]
[Date "2021.10.05"]
[WhiteClock "0:00:31"]
[BlackClock "0:00:01"]

1. d4 Nf6 2. Nf3 e6 3. g3 b6 4. Bg2 Bb7 5. O-O g6 6. c4 Bg7 7. Nc3 Ne4 8. Bd2 O-O 9. Qc2 Nxd2 10. Qxd2 d6 11. e4 c5 12. d5 exd5 13. exd5 Nd7 14. Rfe1 Ne5 15. Nxe5 Bxe5 16. Rad1 Re8 17. b3 f5 18. Ne2 Qd7 19. Nf4 Bxf4 20. Qxf4 Rad8 21. h4 Bc8 22. Bf3 Kg7 23. h5 Re7 24. h6+ Kf7 25. Re6 Qc7 26. Rde1 Bxe6 27. dxe6+ Kg8 28. Bd5 Rf8 29. Qg5 Qd8 30. f4 Kh8 31. Kf2 a6 32. a4 Kg8 33. Kg2 Qc7 34. Qh4 Qd8 35. Kh2 Qc7 36. Qh3 Qd8 37. Qg2 Rf6 38. Qb2 Rf8 39. Qg7+ Rxg7 40. e7+ Rgf7 41. exd8=Q Rxd8 42. Re7 Rf8 43. Rb7 a5 44. Kg2 g5 45. fxg5 f4 46. gxf4 b5 47. axb5 a4 48. Rxf7 Rxf7 49. Bxf7+ 1-0


[Site "https://www.chess.com"]

[Event "Titled Tuesday Blitz October 5 2021"]
[White "Mekhitarian, Krikor Sevag"]
[Black "Martinovici, Ilia"]
[WhiteFideId "2107660"]
[BlackFideId "13907034"]
[WhiteElo "2598"]
[BlackElo "2303"]
[Result "1/2-1/2"]
[Round "10"]
[TimeControl "180+1"]
[Date "2021.10.05"]
[WhiteClock "0:00:07"]
[BlackClock "0:00:08"]

1. e4 c5 2. Nf3 a6 3. c3 d5 4. exd5 Qxd5 5. d4 e6 6. Na3 Nc6 7. Nc4 Qd8 8. Be3 b5 9. Nce5 Nxe5 10. Nxe5 Bb7 11. dxc5 Qc7 12. Nd3 Rd8 13. a4 Nf6 14. axb5 axb5 15. Qb3 Bc6 16. Nb4 Rb8 17. Na6 Qa7 18. Ra3 Nd5 19. Nxb8 Qxb8 20. Ra5 Nxe3 21. fxe3 Bxc5 22. Bxb5 O-O 23. Qc4 Bxg2 24. Rg1 Bb6 25. Ra6 Qxh2 26. Rxg2 Qxg2 27. Rxb6 Qxb2 28. Qe2 Qxc3+ 29. Qd2 Qa1+ 30. Ke2 Qe5 31. Bd3 g6 32. Rb5 Qh2+ 33. Ke1 Qg1+ 34. Bf1 Ra8 35. Qb2 Qg3+ 36. Ke2 Rd8 37. Rb3 Qg4+ 38. Kf2 Qh4+ 39. Kg2 Qg5+ 40. Kf2 h5 41. Rb8 Qh4+ 42. Kg2 Qg4+ 43. Kf2 Qf5+ 44. Kg2 Rxb8 45. Qxb8+ Kg7 46. Qf4 Qxf4 47. exf4 f5 48. Kf3 Kf6 49. Bc4 e5 50. fxe5+ Kxe5 51. Bf7 Kf6 52. Be8 h4 53. Kf4 g5+ 54. Kf3 Ke5 55. Bd7 h3 56. Kg3 g4 57. Bc8 Ke4 58. Bd7 f4+ 59. Kxg4 h2 60. Bc6+ Ke3 61. Kh3 f3 62. Bxf3 Kxf3 63. Kxh2 1/2-1/2


[Site "https://www.chess.com"]

[Event "Titled Tuesday Blitz October 5 2021"]
[White "Mickiewicz, Piotr"]
[Black "Begmuratov, Khumoyun"]
[WhiteFideId "1114891"]
[BlackFideId "14210207"]
[WhiteElo "2251"]
[BlackElo "1948"]
[Result "0-1"]
[Round "10"]
[TimeControl "180+1"]
[Date "2021.10.05"]
[WhiteClock "0:00:08"]
[BlackClock "0:00:40"]

1. Nf3 Nf6 2. g3 g6 3. Bg2 Bg7 4. O-O O-O 5. c4 c5 6. d4 cxd4 7. Nxd4 Nc6 8. Nc3 d6 9. e3 Bd7 10. b3 Rc8 11. Nde2 Bf5 12. Bb2 Nb4 13. Nd4 Bd3 14. Re1 e5 15. a3 exd4 16. exd4 Nc2 17. Qxd3 Nxa1 18. Rxa1 Qe7 19. Nd5 Nxd5 20. Bxd5 Rfe8 21. Kf1 b6 22. a4 a5 23. Bc3 Qg5 24. h4 Qf6 25. Qf3 Qxf3 26. Bxf3 Re7 27. Kg2 Rd7 28. Bd5 Re7 29. h5 Re2 30. Rd1 Rc2 31. Rd3 Re8 32. hxg6 hxg6 33. Rf3 Re7 34. g4 Bh6 35. Kg3 Kg7 36. Rd3 f5 37. gxf5 gxf5 38. Kg2 Kf8 39. Rg3 Bf4 40. Rf3 Rg7+ 41. Kf1 Rg4 42. Ke1 Rg1# 0-1


[Site "https://www.chess.com"]

[Event "Titled Tuesday Blitz October 5 2021"]
[White "Mikhalevski, Victor"]
[Black "Sydoryka, Vladyslav"]
[WhiteFideId "2801914"]
[BlackFideId "14145928"]
[WhiteElo "2577"]
[BlackElo "2282"]
[Result "1-0"]
[Round "10"]
[TimeControl "180+1"]
[Date "2021.10.05"]
[WhiteClock "0:00:11"]
[BlackClock "0:00:01"]

1. Nf3 d5 2. g3 Bg4 3. Bg2 Nd7 4. O-O c6 5. h3 Bh5 6. c4 Bxf3 7. Bxf3 Ne5 8. Qb3 Nxf3+ 9. exf3 Qd7 10. cxd5 cxd5 11. Nc3 e6 12. Re1 Nf6 13. d4 Be7 14. Bf4 O-O 15. Rac1 Rfc8 16. Be5 Rc6 17. Ne2 Rac8 18. Kg2 a6 19. g4 Rxc1 20. Nxc1 Qb5 21. Qxb5 axb5 22. Nd3 Rc2 23. Kf1 Rd2 24. Re3 Nd7 25. Ke1 Rc2 26. Kd1 Rc6 27. Re2 f6 28. Bf4 Kf7 29. Bd2 Rc4 30. b3 Rc6 31. f4 g6 32. Re3 Bd6 33. Bb4 Bc7 34. Ba3 Bb6 35. Bb2 Rc8 36. Rf3 f5 37. g5 Bc7 38. Ba3 Nb8 39. Nc5 Nc6 40. Bb2 Ra8 41. a3 Ra7 42. Kc2 Bd6 43. b4 b6 44. Nd3 Nd8 45. Kb3 Rc7 46. Ne1 Rc4 47. Nc2 Nc6 48. Bc3 Nb8 49. Ne3 Rc7 50. h4 Nd7 51. h5 Nb8 52. Ng2 Kg7 53. Rh3 Rc4 54. Ne3 Rc8 55. Rh4 Kf7 56. hxg6+ hxg6 57. Rh7+ Kg8 58. Rb7 Rc6 59. Ng2 Kf8 60. Nh4 Bc7 61. Nxg6+ Ke8 62. Ne5 Bxe5 63. dxe5 Nd7 64. g6 Rc8 65. Bd4 Ke7 66. Bxb6 Rg8 67. Bc5+ Ke8 68. Bd6 Rxg6 69. Rxb5 Rg4 70. a4 Rxf4 71. a5 Rf3+ 72. Ka4 Rxf2 73. Rb7 f4 74. a6 f3 75. a7 Ra2+ 76. Kb5 f2 77. Rb8+ Kf7 78. a8=Q Rxa8 79. Rxa8 f1=Q+ 80. Kc6 Qc4+ 81. Kxd7 Qb5+ 82. Kc7 Qc4+ 83. Bc5 d4 84. Rf8+ Kg6 85. Rd8 d3 86. Rd6 1-0


[Site "https://www.chess.com"]